 Dungeon Crawl Stone Soup version 0.29-a0-284-gf9362112df (webtiles) character file.

Game seed: 13178942133686086398

63 spaghetti the Covert (level 4, -2/42 HPs)
             Began as a Naga Delver on Mar 21, 2022.
             Slain by a black bear (7 damage)
             ... on level 5 of the Dungeon.
             The game lasted 00:01:03 (574 turns).

spaghetti the Covert (Naga Delver)                   Turns: 574, Time: 00:01:04

Health: -2/42      AC:  2    Str: 15    XL:     4   Next: 9%
Magic:  4/4        EV:  9    Int: 10    God:
Gold:   26         SH:  0    Dex: 14    Spells: 3/3 levels left

rFire   . . .      SeeInvis +   a - +0 short sword {short}
rCold   . . .      Faith    .   (no shield)
rNeg    . . .      Spirit   .   b - +0 leather armour
rPois   +          Reflect  .   (no helmet)
rElec   .          Harm     .   (no cloak)
rCorr   .          Rampage  .   (no gloves)
Will    .....                   (no barding)
Stlth   ++++......              (no amulet)
HPRegen 0.14/turn               (no ring)
MPRegen 0.09/turn               (no ring)

@: brilliant, short of breath, very slow
A: AC +1, large, see invisible, deformed body, poison resistance, slowness 2,
spit poison 1, naga tail 1
a: Spit Poison


You were on level 5 of the Dungeon.
You visited 1 branch of the dungeon, and saw 2 of its levels.

You collected 26 gold pieces.


Innate Abilities, Weirdness & Mutations

Your serpentine skin is tough. (AC +1)
You have supernaturally acute eyesight. (SInv)
Armour fits poorly on your strangely shaped body.
Your system is resistant to poisons. (rPois)
You cover ground very slowly.
You can spit poison.
You have a snake-like lower body.


   Skills:
 - Level 3.0 Fighting
 - Level 2.0 Short Blades
 - Level 1.5 Dodging
 + Level 9.4 Stealth


You had 3 spell levels left.
You didn't know any spells.
Your spell library was empty.

Inventory:

Hand Weapons
 a - a +0 short sword (weapon) {short}
Armour
 b - a +0 leather armour (worn)
Wands
 g - a wand of digging (3)
Scrolls
 c - a scroll of fog
 d - a scroll of magic mapping {!r}
 e - a scroll of fear
Potions
 f - a potion of brilliance

Dungeon Overview and Level Annotations

Branches:
Dungeon (5/15)
 Temple: D:4-7

Altars:

Annotations:
D:5 exclusions: orc and orc wizard

#.#.†.....#.#
#.###.#####.#
#.....# #.#
###########.####
...........#
####.##.##.# #
#.##.#
.##.##.####.###
.........@h....#
.....##.####.#.#
#.#...#.#
.......# ## .###
.# #. #


You could see a black bear (berserk, very poisoned).


Message History

[the floor.] Placed new exclusion.
A dart slug comes into view.
The dart slug moves out of view.
A dart slug is nearby!
A dart slug is nearby!
A dart slug is nearby!
The dart slug launches a dart at you. The slug dart hits you. 😕 HP[-5]
You take 5 damage, and now have 37/42 hp.
Aiming: Spit Poison (1% risk of failure)
Press: ? - help, Shift-Dir - straight line, f - dart slug
Aim: a dart slug (100% to hit)
The splash of poison hits the dart slug!
The dart slug is poisoned.
You kill the dart slug!
You start resting.
You have got your breath back. 😎 HP[+5]
Your hp is fully restored (42).
You see here a dart slug corpse.
Found a stone staircase leading up.
An orc comes into view. It is wielding a +0 club.
The orc shouts!
You hear an angry growl.
An orc is nearby!
Aiming: Spit Poison (1% risk of failure)
Press: ? - help, Shift-Dir - straight line, f - orc
Aim: an orc, wielding a +0 club (59% to hit)
The splash of poison hits the orc.
The orc is poisoned.
The orc completely misses you.
The orc hits you with a +0 club. 😕 HP[-4]
You take 4 damage, and now have 38/42 hp.
You barely miss the orc.
You have got your breath back.
A black bear comes into view.
The orc hits you with a +0 club. 😕 HP[-4]
You take 4 damage, and now have 34/42 hp.
You hit the orc.
You kill the orc! 😕 HP[+1]
You see here a +0 club {mace}.
Aiming: Spit Poison (1% risk of failure)
Press: ? - help, Shift-Dir - straight line, f - black bear
Aim: a black bear (70% to hit)
The splash of poison hits the black bear.
The black bear is poisoned.
The black bear misses you. The black bear claws you.
The black bear closely misses you. 😕 HP[-3]
You take 3 damage, and now have 32/42 hp.
You barely miss the black bear. The black bear bites you.
The black bear completely misses you. The black bear claws you. 😮 HP[-7]
You take 7 damage, and now have 25/42 hp.
It was a potion of brilliance.
You feel clever all of a sudden. The black bear bites you.
The black bear claws you.
The black bear barely misses you. 😮 HP[-3]
You take 3 damage, and now have 22/42 hp.
Your library has no spells.
Okay, then.
Okay, then.
You hit the black bear. The black bear closely misses you.
The black bear barely misses you. The black bear closely misses you.
You hit the black bear.
You have got your breath back.
The black bear closely misses you. The black bear barely misses you.
The black bear claws you.
* * * LOW HITPOINT WARNING * * *
😨 HP[-3]
You take 3 damage, and now have 19/42 hp.
Aiming: Spit Poison (1% risk of failure)
Press: ? - help, Shift-Dir - straight line, f/p - black bear
Aim: a black bear (moderately wounded, poisoned, 70% to hit)
The splash of poison hits the black bear!
The black bear looks even sicker.
The black bear closely misses you. The black bear claws you.
* * * LOW HITPOINT WARNING * * *
The black bear claws you but does no damage.
Unknown command.
You hit the black bear but do no damage.
The black bear bites you.
* * * LOW HITPOINT WARNING * * *
The black bear claws you.
* * * LOW HITPOINT WARNING * * *
The black bear claws you.
* * * LOW HITPOINT WARNING * * *
😨 HP[-7]
You take 7 damage, and now have 12/42 hp.
You hit the black bear.
The black bear goes berserk!
Okay, then.
You completely miss the black bear. The black bear bites you.
* * * LOW HITPOINT WARNING * * *
The black bear claws you.
* * * LOW HITPOINT WARNING * * *
The black bear claws you!
You die...

Skill      XL: |  1 |
---------------+----+-----
Stealth        | 9 |  9.4
Fighting       | |  3.0
Short Blades   | |  2.0
Dodging        | |  1.5

Action                   |  1- 3 |  4- 6 || total
-------------------------+-------+-------++-------
Melee: Short sword       |     6 |     8 ||    14
       Punch             |     1 |       ||     1
 Abil: Spit Poison       |     1 |     4 ||     5
  Use: Potion            |     1 |     1 ||     2
Armor: Leather armour    |       |     1 ||     1
Dodge: Dodged            |     2 |    11 ||    13

Levels and vault maps discovered:
D:4:      layout_basic, xom_confusion_cloud, minmay_temple_entry_butterflies,
          guppyfry_shop_venom
D:5:      layout_loops_corners

Notes
Turn   | Place    | Note
-------+----------+-------------------------------------------
     0 | D:5      | spaghetti the Naga Delver began the quest for the Orb.
     0 | D:5      | Reached XP level 1. HP: 21/21 MP: 1/1
     0 | D:5      | magus.rc [v1.9.6]
    15 | D:4      | Noticed an orc wizard
    15 | D:4      | Noticed a black bear
    31 | D:5      | Noticed a scorpion
    45 | D:5      | HP: 5/21 [scorpion (4)]
    47 | D:5      | HP: 1/21 [scorpion (2)]
    50 | D:5      | Killed a scorpion
    51 | D:5      | Reached skill level 9 in Stealth
    51 | D:5      | Reached XP level 2. HP: 2/28 MP: 2/2
    51 | D:5      | Reached XP level 3. HP: 2/34 MP: 3/3
    51 | D:5      | Reached XP level 4. HP: 3/42 MP: 4/4
   563 | D:5      | Noticed a black bear
   574 | D:5      | HP: 6/42 [black bear (6)]
   574 | D:5      | Slain by a black bear

Vanquished Creatures
  A scorpion (D:5)
  A dart slug (D:5)
  An orc (D:5)
3 creatures vanquished.

Table legend:
 A = Non-vault XP
 B = Vault XP
 C = Vault XP percentage of total XP
 D = Non-vault monster count
 E = Vault monster count
 F = Vault count percentage of total count
                 A         B        C        D         E       F
            +---------+---------+-------+---------+---------+-------
      Total |      90 |       0 |   0.0 |       3 |       0 |   0.0
            +---------+---------+-------+---------+---------+-------
        D:5 |      90 |       0 |   0.0 |       3 |       0 |   0.0
            +---------+---------+-------+---------+---------+-------

Illustrated notes

Table legend:
 A = Kills in this place as a percentage of kills in entire the game.
 B = Kills by you in this place as a percentage of kills by you in the entire game.
 C = Kills by friends in this place as a percentage of kills by friends in the entire game.
 D = Other kills in this place as a percentage of other kills in the entire game.
 E = Experience gained in this place as a percentage of experience gained in the entire game.
 F = Experience gained in this place divided by the number of levels of this place that you have seen.
                   A       B       C       D       E      F
               +-------+-------+-------+-------+-------+----------------------
         Total | 100.0 | 100.0 |   N/A |   N/A | 100.0 |  45.0
       Dungeon | 100.0 | 100.0 |   N/A |   N/A | 100.0 |  45.0
               +-------+-------+-------+-------+-------+----------------------

Table legend: (Time is in decaauts)
 A = Elapsed time spent in this place.
 B = Non-inter-level travel time spent in this place.
 C = Inter-level travel time spent in this place.
 D = Time resting spent in this place.
 E = Time spent auto-exploring this place.
 F = Levels seen in this place.
 G = Mean time per level.
                   A        B        C        D        E       F      G
               +--------+--------+--------+--------+--------+-----+--------+
         Total |    608 |    608 |      0 |    409 |    128 |   2 |  304.0 |
       Dungeon |    608 |    608 |      0 |    409 |    128 |   2 |  304.0 |
               +--------+--------+--------+--------+--------+-----+--------+

Top non-repeatable levels by time:
     D:5: 606 daAuts
     D:4: 1 daAuts
